[Event "1000GM NY Winter GM-B 2024"]
[Site "New York"]
[Date "2024.01.12"]
[Round "1.1"]
[White "Paragua, Mark"]
[Black "Adewumi, Tanitoluwa"]
[Result "1/2-1/2"]
[ECO "E16"]
[WhiteElo "2448"]
[BlackElo "2280"]
[Annotator "RC"]
[PlyCount "202"]
[EventDate "2024.01.10"]
[EventType "tourn"]
[EventCountry "USA"]
[SourceTitle "playchess.com"]
[Source "ChessBase"]
[SourceQuality "1"]
[TimeControl "5400+30"]

1. d4 Nf6 2. c4 e6 3. g3 d5 4. Bg2 Bb4+ 5. Nd2 O-O 6. Ngf3 b6 7. O-O Bb7 8. a3 Be7 9. cxd5 exd5 10. b4 a5 11. b5 c6 12. a4 Qe8 13. Qb3 Bb4 14. Ba3 Bxa3 15. Rxa3 cxb5 16. axb5 Nbd7 17. Qb2 Rc8 18. Re3 Qd8 19. Rc1 Re8 20. Rc2 Rc7 21. Rxc7 Qxc7 22. Rc3 Qb8 23. e3 Rc8 24. Bh3 Rxc3 25. Qxc3 Qd6 26. Ne5 g6 27. f3 Nf8 28. Nb1 Ne8 29. Nd3 Qe7 30. Nb2 Nd6 31. Bf1 Ne6 32. Nd2 Nc7 33. Qb3 Ncxb5 34. Na4 Nc4 35. Nxc4 dxc4 36. Bxc4 Nd6 37. Be2 Bc6 38. Nxb6 Qb7 39. d5 Bxd5 40. Qxd5 Qxb6 41. Kf2 Qb4 42. e4 a4 43. e5 Nf5 44. Bc4 Qb2+ 45. Ke1 Qc3+ 46. Kf2 Qb2+ 47. Ke1 Qb1+ 48. Kd2 Qb4+ 49. Kd3 Qa3+ 50. Ke2 Qe3+ 51. Kf1 Qc1+ 52. Kf2 Qb2+ 53. Ke1 Qb4+ 54. Ke2 Qe7 55. g4 Ng7 56. Kf2 Qa7+ 57. Kg2 Ne6 58. Qd6 Nf8 59. Qa3 Qc7 60. Qxa4 Qxe5 61. Qa7 Qf4 62. Qa2 g5 63. Bd3 Ne6 64. Bf5 Nd4 65. Be4 Kg7 66. h4 gxh4 67. Qf2 Qf6 68. f4 Ne6 69. Bf5 Nd4 70. Be4 h6 71. Kh3 Ne6 72. Bf5 Nd4 73. Be4 Nb5 74. Qe3 Nc7 75. g5 hxg5 76. fxg5 Qe5 77. Kxh4 Ne6 78. Kg4 Nc5 79. Kf3 Nxe4 80. Qxe4 Qxg5 81. Qd4+ Kg6 82. Qd6+ f6 83. Qd8 Qf5+ 84. Kg3 Qe5+ 85. Kf3 Qe6 86. Kf4 Qc4+ 87. Kg3 Kg5 88. Qd2+ Kf5 89. Qd7+ Kg6 90. Qg4+ Qxg4+ 91. Kxg4 f5+ 92. Kf4 Kf6 93. Kf3 Kg5 94. Kg3 f4+ 95. Kf3 Kf5 96. Kf2 Kg4 97. Kg2 f3+ 98. Kf2 Kf4 99. Kf1 Kg3 100. Kg1 f2+ 101. Kf1 Kf3 1/2-1/2

[Event "1000GM NY Winter GM-B 2024"]
[Site "New York"]
[Date "2024.01.12"]
[Round "1.2"]
[White "Lee, Alice"]
[Black "Nagy, Gabor"]
[Result "1/2-1/2"]
[ECO "E11"]
[WhiteElo "2379"]
[BlackElo "2450"]
[Annotator "RC"]
[PlyCount "79"]
[EventDate "2024.01.10"]
[EventType "tourn"]
[EventCountry "USA"]
[SourceTitle "playchess.com"]
[Source "ChessBase"]
[SourceQuality "1"]
[TimeControl "5400+30"]

1. d4 d5 2. c4 e6 3. Nf3 Nf6 4. g3 Nc6 5. Bg2 Bb4+ 6. Bd2 a5 7. Qc2 dxc4 8. Qxc4 Qd5 9. Qd3 Qe4 10. Qxe4 Nxe4 11. a3 Nxd2 12. Nbxd2 Be7 13. Rc1 O-O 14. Nc4 Rd8 15. e3 Bd7 16. Nfe5 Nxe5 17. Nxe5 c6 18. Nxd7 Rxd7 19. Ke2 g6 20. h4 h5 21. Bf3 Kg7 22. Rc2 Rad8 23. Rb1 Kf6 24. b4 axb4 25. axb4 e5 26. dxe5+ Kxe5 27. b5 c5 28. Ra1 f5 29. b6 Ke6 30. e4 fxe4 31. Bxe4 Kf6 32. Ra7 Rb8 33. Ra3 Kg7 34. Re3 Rbd8 35. Ra2 Bf6 36. Rd3 Rxd3 37. Bxd3 Rd6 38. Ra7 Rxb6 39. Be4 Rb2+ 40. Kf1 1/2-1/2

[Event "1000GM NY Winter GM-B 2024"]
[Site "New York"]
[Date "2024.01.12"]
[Round "1.3"]
[White "Koustav Chatterjee"]
[Black "Graif, William"]
[Result "1-0"]
[ECO "B31"]
[WhiteElo "2546"]
[BlackElo "2302"]
[Annotator "TA"]
[PlyCount "61"]
[EventDate "2024.01.10"]
[EventType "tourn"]
[EventCountry "USA"]
[SourceTitle "playchess.com"]
[Source "ChessBase"]
[SourceQuality "1"]
[TimeControl "5400+30"]

1. e4 c5 2. Nf3 Nc6 3. Bb5 g6 4. O-O Bg7 5. c3 Nf6 6. Re1 O-O 7. d4 d5 8. e5 Ne4 9. Bxc6 bxc6 10. Be3 {[%emt 0:00:03] B31: Sicilian: 2...Nc6 3 Bb5 g6.} Rb8 11. Qc1 cxd4 12. cxd4 {[%emt 0:00:06] The position is equal.} Bf5 13. Nc3 f6 14. Nxe4 dxe4 15. Nd2 Qd5 16. Nc4 {[%emt 0:00:55] [#]} a5 $146 ({Predecessor:} 16... Be6 17. b3 Qd7 18. exf6 exf6 19. Bf4 Rbd8 20. Rxe4 g5 21. Bd6 Rf7 22. Bc5 Bd5 {½-½ Fiorito,J (2271)-Coro,L (2376) ARG-ch sf 97th 2022 (4)}) 17. Qc3 Rb4 (17... fxe5 $11 {keeps the balance.} 18. dxe5 (18. Nxe5 c5 $15) 18... Be6) 18. Rac1 Rfb8 19. Bf4 {[%emt 0:02:16] Black must now prevent exf6.} R8b7 20. a3 (20. Ne3 $5 Qxd4 21. Nxf5 gxf5 22. Qxc6 $14) 20... R4b5 21. exf6 Bxf6 22. Be5 $36 {[%emt 0:02:04][%mdl 2048] White fights for an advantage.} Bg5 23. Ne3 Bxe3 (23... Qd7 $14) 24. Qxe3 $16 (24. Rxe3 Rxb2 25. h3 a4 $11) 24... e6 $2 {[%emt 0:02:29][%mdl 8192] [#] Black is weak on the dark squares. Loses the game.} (24... Rxb2 $16 {is tougher.} 25. Rf1 (25. Qh6 Qf7 $14) 25... R7b3) 25. h3 $18 h5 26. Qg5 {[%emt 0:02:50] Hoping for g4.} Rf7 27. g4 hxg4 28. hxg4 {[%emt 0:00:04][%mdl 64] [#] Trapped Piece} e3 29. Rxe3 {[%emt 0:00:05] Threatening mate with Rh3.} (29. gxf5 $2 {perishes.} exf2+ 30. Kh2 Rh7+ 31. Kg3 fxe1=B+ 32. Rxe1 Rb3+ 33. Re3 Rxe3+ 34. Qxe3 Qh1 $19) ({Worse is} 29. f3 Qxf3 30. Rxe3 (30. gxf5 {leads to mate.} Qf2+ 31. Kh1 Rh7+) 30... Qxg4+ 31. Qxg4 Bxg4 $11) 29... Rh7 {[%emt 0:00:24] Dodges Rh3} 30. f3 (30. gxf5 $2 Rh1#) 30... Rxb2 31. gxf5 {[%emt 0:00:07] Weighted Error Value: White=0.09 (flawless) /Black=0.87} 1-0

[Event "1000GM NY Winter GM-B 2024"]
[Site "New York"]
[Date "2024.01.12"]
[Round "1.4"]
[White "Nakada, Akira"]
[Black "Levine, Joseph"]
[Result "1/2-1/2"]
[ECO "A13"]
[WhiteElo "2374"]
[BlackElo "2376"]
[Annotator "RC"]
[PlyCount "105"]
[EventDate "2024.01.10"]
[EventType "tourn"]
[EventCountry "USA"]
[SourceTitle "playchess.com"]
[Source "ChessBase"]
[SourceQuality "1"]
[TimeControl "5400+30"]

1. c4 e6 2. g3 Nf6 3. Bg2 d5 4. Nf3 dxc4 5. Qa4+ c6 6. Qxc4 b5 7. Qb3 Bb7 8. O-O Nbd7 9. d4 Be7 10. Rd1 O-O 11. Ne5 Nxe5 12. dxe5 Nd7 13. Nc3 Qc7 14. Ne4 Nc5 15. Nxc5 Bxc5 16. a4 a6 17. Qc3 Be7 18. Be3 c5 19. Bxb7 b4 20. Qd3 Qxb7 21. Qd7 Ra7 22. Qxb7 Rxb7 23. Rac1 Rc8 24. Rc4 Kf8 25. b3 Ke8 26. Rdc1 Rbc7 27. g4 a5 28. Kf1 g5 29. h3 Rd8 30. Bxc5 Rdc8 31. Bd4 Rxc4 32. Rxc4 Rxc4 33. bxc4 Kd7 34. Ke1 Kc6 35. e3 Bd8 36. Ke2 Be7 37. Kd3 Bc5 38. Bb2 Be7 39. f4 Bd8 40. Bd4 Be7 41. f5 Bc5 42. Bb2 h6 43. Ke4 Be7 44. Kd3 Bc5 45. e4 Be7 46. Bc1 Bd8 47. Bb2 Bc7 48. Ba1 Bb6 49. Bb2 Bc7 50. c5 Kxc5 51. Bd4+ Kc6 52. Kc4 Bb6 53. Bb2 1/2-1/2

[Event "1000GM NY Winter GM-B 2024"]
[Site "New York"]
[Date "2024.01.12"]
[Round "1.5"]
[White "Griffith, Kyron"]
[Black "Luo, Terry"]
[Result "1-0"]
[ECO "C26"]
[WhiteElo "2367"]
[BlackElo "2342"]
[Annotator "RC"]
[PlyCount "129"]
[EventDate "2024.01.10"]
[EventType "tourn"]
[EventCountry "USA"]
[SourceTitle "playchess.com"]
[Source "ChessBase"]
[SourceQuality "1"]
[TimeControl "5400+30"]

1. e4 e5 2. Nc3 Nf6 3. d4 exd4 4. Qxd4 Nc6 5. Qd3 d5 6. Bf4 dxe4 7. Qxd8+ Nxd8 8. Bxc7 Bb4 9. O-O-O Ne6 10. Be5 Ng4 11. Bb5+ Kf8 12. Bg3 e3 13. Nd5 Nxf2 14. Bxf2 exf2 15. Nxb4 fxg1=Q 16. Rhxg1 g6 17. Be2 Kg7 18. b3 Nc5 19. Nd5 Bf5 20. Bf3 Be4 21. Bxe4 Nxe4 22. Rge1 Rae8 23. Rd4 Nf6 24. Rf1 Nxd5 25. Rxd5 Re7 26. Kb2 h5 27. Rf2 Rhe8 28. c4 h4 29. h3 Re2+ 30. Rd2 Rxf2 31. Rxf2 Re3 32. b4 f5 33. c5 Kf6 34. a4 Ke6 35. Rd2 Ke7 36. b5 Re5 37. c6 bxc6 38. bxc6 Rc5 39. Rd7+ Ke6 40. Rxa7 Rxc6 41. Rh7 g5 42. Rh5 Rc4 43. Kb3 Rc1 44. Rxg5 Rg1 45. a5 Kf6 46. Rg8 Ra1 47. Kb4 Ke5 48. Kb5 Rb1+ 49. Kc5 Rc1+ 50. Kb6 Rb1+ 51. Ka7 Kf4 52. a6 Rb2 53. Ka8 Ke3 54. a7 Kf2 55. Rg5 Rb5 56. Rg7 f4 57. Rb7 Ra5 58. Rb2+ Kg3 59. Kb7 f3 60. gxf3 Kxh3 61. f4 Kg4 62. Rh2 Kg3 63. Rh1 Kxf4 64. Rxh4+ Kg5 65. Rb4 1-0

[Event "1000GM NY Winter GM-B 2024"]
[Site "New York"]
[Date "2024.01.12"]
[Round "2.1"]
[White "Adewumi, Tanitoluwa"]
[Black "Luo, Terry"]
[Result "1/2-1/2"]
[ECO "D02"]
[WhiteElo "2280"]
[BlackElo "2342"]
[Annotator "RC"]
[PlyCount "74"]
[EventDate "2024.01.10"]
[EventType "tourn"]
[EventCountry "USA"]
[SourceTitle "playchess.com"]
[Source "ChessBase"]
[SourceQuality "1"]
[TimeControl "5400+30"]

1. d4 Nf6 2. Nf3 g6 3. Nc3 d5 4. g3 Bg7 5. Bg2 O-O 6. O-O b6 7. Bg5 Bb7 8. Bxf6 Bxf6 9. Re1 Nd7 10. e4 dxe4 11. Nxe4 Bg7 12. c3 e6 13. Qe2 Nf6 14. Nxf6+ Bxf6 15. Rad1 Qd6 16. b4 a5 17. a3 Rfd8 18. Nd2 Bxg2 19. Kxg2 axb4 20. Ne4 Qd5 21. Qf3 Bg7 22. axb4 Ra2 23. h4 h6 24. Rd2 Rda8 25. Ree2 Ra1 26. Rd3 Rc1 27. Nd2 Qxf3+ 28. Kxf3 Ra3 29. Ree3 Ra2 30. Ke2 h5 31. f4 Rac2 32. Kf3 Rd1 33. Re2 c5 34. bxc5 bxc5 35. Kf2 cxd4 36. cxd4 Rc4 37. Re4 Ra4 1/2-1/2

[Event "1000GM NY Winter GM-B 2024"]
[Site "New York"]
[Date "2024.01.12"]
[Round "2.2"]
[White "Levine, Joseph"]
[Black "Griffith, Kyron"]
[Result "1/2-1/2"]
[ECO "B99"]
[WhiteElo "2376"]
[BlackElo "2367"]
[Annotator "RC"]
[PlyCount "79"]
[EventDate "2024.01.10"]
[EventType "tourn"]
[EventCountry "USA"]
[SourceTitle "playchess.com"]
[Source "ChessBase"]
[SourceQuality "1"]
[TimeControl "5400+30"]

1. e4 c5 2. Nf3 d6 3. d4 cxd4 4. Nxd4 Nf6 5. Nc3 a6 6. Bg5 e6 7. f4 Be7 8. Qf3 Qc7 9. O-O-O Nbd7 10. g4 h6 11. Bxf6 Bxf6 12. h4 Nb6 13. g5 Bxd4 14. Rxd4 Qc5 15. Rd2 Bd7 16. Be2 O-O-O 17. Rhd1 Bc6 18. g6 fxg6 19. Rd4 e5 20. b4 Qxd4 21. Rxd4 exd4 22. b5 axb5 23. Nxb5 Rhe8 24. Nxd4 Bxe4 25. Qb3 Nd7 26. Qf7 Kb8 27. Qxg7 Nc5 28. Qxh6 Ne6 29. Nxe6 Rxe6 30. h5 Rc8 31. Bg4 Rxc2+ 32. Kd1 Re8 33. Bf3 Rh2 34. Bxe4 Rxe4 35. Qxg6 Rd4+ 36. Ke1 Rdd2 37. Qe8+ Kc7 38. Qe7+ Kc8 39. Qe8+ Kc7 40. Qe7+ 1/2-1/2

[Event "1000GM NY Winter GM-B 2024"]
[Site "New York"]
[Date "2024.01.12"]
[Round "2.3"]
[White "Graif, William"]
[Black "Nakada, Akira"]
[Result "0-1"]
[ECO "B12"]
[WhiteElo "2302"]
[BlackElo "2374"]
[Annotator "RC"]
[PlyCount "62"]
[EventDate "2024.01.10"]
[EventType "tourn"]
[EventCountry "USA"]
[SourceTitle "playchess.com"]
[Source "ChessBase"]
[SourceQuality "1"]
[TimeControl "5400+30"]

1. e4 c6 2. d4 d5 3. e5 c5 4. Nf3 cxd4 5. Nxd4 Nc6 6. c4 e6 7. Nc3 Bb4 8. Nxc6 bxc6 9. Bd3 Ne7 10. cxd5 Nxd5 11. O-O Nxc3 12. bxc3 Bxc3 13. Rb1 Bxe5 14. Qc2 Qc7 15. Re1 Bxh2+ 16. Kh1 Bd6 17. Bb2 f6 18. Re3 Rb8 19. Bxh7 Kf8 20. Kg1 Rb4 21. Rh3 e5 22. Rc3 Rh4 23. Rxc6 R8xh7 24. f4 Bf5 25. Qc3 Qb8 26. Rxd6 Rh1+ 27. Kf2 Rxb1 28. Ba3 Kf7 29. fxe5 Qb5 30. e6+ Bxe6 31. Qc7+ Kg6 0-1

[Event "1000GM NY Winter GM-B 2024"]
[Site "New York"]
[Date "2024.01.12"]
[Round "2.5"]
[White "Paragua, Mark"]
[Black "Lee, Alice"]
[Result "1-0"]
[ECO "D37"]
[WhiteElo "2448"]
[BlackElo "2379"]
[Annotator "RC"]
[PlyCount "59"]
[EventDate "2024.01.10"]
[EventType "tourn"]
[EventCountry "USA"]
[SourceTitle "playchess.com"]
[Source "ChessBase"]
[SourceQuality "1"]
[TimeControl "5400+30"]

1. Nf3 d5 2. c4 e6 3. d4 Nf6 4. Nc3 Nbd7 5. c5 b6 6. b4 c6 7. Bf4 a5 8. a3 Ne4 9. Nxe4 dxe4 10. Nd2 g5 11. Bg3 f5 12. e3 h5 13. h4 g4 14. b5 Bb7 15. Qb3 Kf7 16. Bc4 Rh6 17. bxc6 Bxc6 18. Rb1 a4 19. Qa2 bxc5 20. d5 exd5 21. Bxd5+ Ke8 22. Bf7+ Ke7 23. Bf4 c4 24. Bxh6 Bxh6 25. Qxc4 Bg7 26. Qxc6 Kxf7 27. Rb7 Ke7 28. Nc4 Qc8 29. Rc7 Qd8 30. Nb6 1-0

[Event "1000GM NY Winter GM-B 2024"]
[Site "New York"]
[Date "2024.01.13"]
[Round "3.1"]
[White "Lee, Alice"]
[Black "Adewumi, Tanitoluwa"]
[Result "1/2-1/2"]
[ECO "E01"]
[WhiteElo "2379"]
[BlackElo "2280"]
[Annotator "RC"]
[PlyCount "98"]
[EventDate "2024.01.10"]
[EventType "tourn"]
[EventCountry "USA"]
[SourceTitle "playchess.com"]
[Source "ChessBase"]
[SourceQuality "1"]
[TimeControl "5400+30"]

1. d4 Nf6 2. c4 e6 3. g3 d5 4. Bg2 Bb4+ 5. Bd2 Bd6 6. Nf3 O-O 7. O-O Nbd7 8. Bc3 b6 9. cxd5 exd5 10. Bd2 Ne4 11. Nc3 Nxc3 12. bxc3 Re8 13. Bg5 Nf6 14. Nd2 Bb7 15. Re1 h6 16. Bxf6 Qxf6 17. e4 dxe4 18. Nxe4 Bxe4 19. Bxe4 Rad8 20. Qa4 c5 21. Rad1 cxd4 22. cxd4 Re7 23. Re3 g6 24. Kg2 Kg7 25. h4 h5 26. Qb3 Bc7 27. Bf3 Red7 28. d5 Bd6 29. Qc3 Rc7 30. Qxf6+ Kxf6 31. Be2 Rc2 32. a4 Bc5 33. Rf3+ Kg7 34. Bd3 Ra2 35. Bb5 Rc2 36. Bd3 Ra2 37. Bb5 a6 38. Bxa6 Rxa4 39. Bb5 Rb4 40. Bc6 Rb2 41. Rc1 Rd6 42. Rcc3 Rf6 43. Rxf6 Kxf6 44. Rf3+ Ke7 45. d6+ Bxd6 46. Bd5 f6 47. Re3+ Be5 48. Ra3 Kd6 49. Bf7 Bd4 1/2-1/2

[Event "1000GM NY Winter GM-B 2024"]
[Site "New York"]
[Date "2024.01.13"]
[Round "3.2"]
[White "Koustav Chatterjee"]
[Black "Paragua, Mark"]
[Result "1/2-1/2"]
[ECO "B52"]
[WhiteElo "2546"]
[BlackElo "2448"]
[Annotator "TA"]
[PlyCount "40"]
[EventDate "2024.01.10"]
[EventType "tourn"]
[EventCountry "USA"]
[SourceTitle "playchess.com"]
[Source "ChessBase"]
[SourceQuality "1"]
[TimeControl "5400+30"]

1. e4 c5 2. Nf3 d6 3. Bb5+ Bd7 4. c4 g6 5. O-O Bg7 6. Nc3 {[%emt 0:00:05] B52: Sicilian: Moscow Variation with 3...Bd7.} Nf6 7. Bxd7+ Nfxd7 {[%emt 0:05:46] [#] 7...Nbxd7 is a critical line.} 8. d3 $146 (8. d4 $14) ({Predecessor:} 8. d4 cxd4 9. Nxd4 Nc6 10. Be3 O-O 11. Rc1 Nde5 12. b3 Rc8 13. h3 a6 14. Nd5 Nd7 15. Qd2 e6 16. Bg5 Nf6 17. Nxf6+ Bxf6 18. Bxf6 Qxf6 19. Nxc6 Rxc6 {½-½ Yuan,Q (2373)-Visakh,N (2506) Titled Tuesday intern op 10th May Early blitz 2022 (6)}) 8... Nc6 9. Rb1 O-O 10. Bd2 a6 11. a3 Rb8 12. b4 cxb4 13. axb4 b5 14. cxb5 axb5 15. Ne2 Nb6 16. d4 e6 17. Bf4 Qd7 18. Qd3 Nc4 19. Nd2 Rbc8 20. d5 N6e5 {[%emt 0:36:17] Weighted Error Value: White=0.12 (very precise) /Black=0.04 (flawless)} 1/2-1/2

[Event "1000GM NY Winter GM-B 2024"]
[Site "New York"]
[Date "2024.01.13"]
[Round "3.4"]
[White "Griffith, Kyron"]
[Black "Graif, William"]
[Result "1-0"]
[ECO "B23"]
[WhiteElo "2367"]
[BlackElo "2302"]
[Annotator "TA"]
[PlyCount "94"]
[EventDate "2024.01.10"]
[EventType "tourn"]
[EventCountry "USA"]
[SourceTitle "playchess.com"]
[Source "ChessBase"]
[SourceQuality "1"]
[TimeControl "5400+30"]

1. e4 c5 2. Nc3 Nc6 3. Bb5 Nd4 4. Nf3 a6 5. Bd3 g6 6. O-O Bg7 7. Re1 e5 8. b4 {[%emt 0:18:24] White is slightly better.} d6 9. bxc5 dxc5 10. h3 Ne7 11. Rb1 b5 {[%emt 0:03:58] Prevents Na4.} 12. a4 b4 13. Nd5 Nxf3+ 14. Qxf3 Nxd5 15. exd5 Qd6 16. c3 O-O 17. Bc4 (17. a5 $11 {remains equal.}) 17... a5 18. Qg3 f5 19. cxb4 axb4 20. Bb2 f4 21. Qb3 {[%emt 0:02:41] [#]} f3 22. Qe3 $1 $11 fxg2 23. Bxe5 Bxe5 24. Qxe5 Qxe5 25. Rxe5 Bxh3 (25... Rxa4 26. d6+ Kh8 27. Kxg2 $11) 26. d6+ Kh8 27. Bb5 Rad8 28. Rb3 (28. d4 $1 $11 {is more appropriate.} cxd4 29. Rd5) 28... Bd7 ({Don't go for} 28... Rf5 $2 29. Re7 Bg4 (29... Rh5 $2 30. d7 $18) 30. d7 $18 (30. Kxg2 Rxd6 31. f3 Rxd2+ 32. Kg3 Bh5 $15)) (28... Bg4 $15 29. d7 c4 (29... Bxd7 30. Rxc5 Be6 31. Rb2 $11) 30. Rxb4 Bxd7) 29. Rxc5 Bxb5 30. axb5 Rxd6 {[%emt 0:00:06][%mdl 4096] Endgame. KRR-KRR} 31. d3 Rfd8 (31... Rdf6 $11) 32. Kxg2 (32. Rxb4 $16 {Threatens to win with b6.} Rb8 33. Kxg2) 32... Kg7 33. Rc7+ R8d7 ({Better is} 33... Kf6 $14) 34. Rxd7+ $18 Rxd7 35. Rxb4 Rxd3 $2 {[%emt 0:00:28] KR-KR. Loses the game.} (35... Rb7 $16 36. Kf3 Kf6) 36. b6 {[%emt 0:00:05][%cal Bb5b6,Bb6b7][%mdl 32] [#] Intending b7 and mate.} Rd8 37. b7 Rb8 38. Kf3 {[%emt 0:00:04] Strongly threatening Ke4.} Kf6 39. Kf4 h5 40. Rb6+ {[%emt 0:00:06] White mates.} Kg7 41. Kg5 Kf7 42. f4 (42. Rxg6 Rxb7 43. Rf6+ Ke7 $11) 42... Kf8 43. Kxg6 h4 44. Rb3 Ke8 45. f5 Kf8 46. f6 Kg8 47. Rc3 Ra8 {[%emt 0:01:02] Weighted Error Value: White=0.10 (very precise) /Black=0.34.  Loses game:     	---       	Black=1      Mistake:       	White=3     	Black=4      Inaccurate:     	White=3     	Black=2      OK:         	White=10    	Black=9      Best:        	White=3     	Black=2      Strong:       	White=1     	---} 1-0

[Event "1000GM NY Winter GM-B 2024"]
[Site "New York"]
[Date "2024.01.13"]
[Round "3.5"]
[White "Luo, Terry"]
[Black "Levine, Joseph"]
[Result "1/2-1/2"]
[ECO "E48"]
[WhiteElo "2342"]
[BlackElo "2376"]
[Annotator "RC"]
[PlyCount "73"]
[EventDate "2024.01.10"]
[EventType "tourn"]
[EventCountry "USA"]
[SourceTitle "playchess.com"]
[Source "ChessBase"]
[SourceQuality "1"]
[TimeControl "5400+30"]

1. d4 Nf6 2. c4 e6 3. Nc3 Bb4 4. e3 O-O 5. Bd3 d5 6. Nge2 c5 7. cxd5 cxd4 8. exd4 exd5 9. O-O Bg4 10. Bg5 Be7 11. h3 Bxe2 12. Bxe2 h6 13. Be3 Nc6 14. Rc1 Qd7 15. a3 Rad8 16. b4 Bd6 17. Na4 Ne4 18. Nc5 Qe7 19. Bb5 Nb8 20. Re1 b6 21. Nd3 Qf6 22. Qh5 Rc8 23. Ne5 Rxc1 24. Rxc1 Qe6 25. Ba4 a5 26. Nd3 axb4 27. axb4 Nf6 28. Qf3 Rc8 29. Rxc8+ Qxc8 30. Bxh6 Qc3 31. Bf4 Bxf4 32. Qxf4 Na6 33. Qc1 Qxc1+ 34. Nxc1 Nxb4 35. f3 Kf8 36. Kf2 Ke7 37. h4 1/2-1/2

[Event "1000GM NY Winter GM-B 2024"]
[Site "New York"]
[Date "2024.01.13"]
[Round "4.1"]
[White "Adewumi, Tanitoluwa"]
[Black "Levine, Joseph"]
[Result "0-1"]
[ECO "D02"]
[WhiteElo "2280"]
[BlackElo "2376"]
[Annotator "ChessBase"]
[PlyCount "60"]
[EventDate "2024.01.10"]
[EventType "tourn"]
[EventCountry "USA"]
[SourceTitle "playchess.com"]
[Source "ChessBase"]
[SourceQuality "1"]
[TimeControl "5400+30"]

1. Nf3 d5 2. d4 Nf6 3. Bf4 e6 4. e3 c5 5. Nbd2 Nc6 6. c3 cxd4 7. exd4 Nh5 8. Be3 Bd6 9. Ne5 g6 10. Bb5 Bd7 11. Bxc6 Bxc6 12. Qg4 f5 13. Qg5 Qxg5 14. Bxg5 h6 15. g4 hxg5 16. gxh5 Bxe5 17. dxe5 d4 18. Rg1 dxc3 19. bxc3 Rxh5 20. Rd1 Rd8 21. Ke2 Rd5 22. c4 Rxe5+ 23. Kd3 Ra5 24. Nb3 Rxa2 25. Kd4 Ba4 26. Rd3 Bxb3 27. Rxb3 b6 28. Re1 Rh4+ 29. Ke5 Ke7 30. f3 Rxc4 0-1

[Event "1000GM NY Winter GM-B 2024"]
[Site "New York"]
[Date "2024.01.13"]
[Round "4.2"]
[White "Graif, William"]
[Black "Luo, Terry"]
[Result "0-1"]
[ECO "C45"]
[WhiteElo "2302"]
[BlackElo "2342"]
[Annotator "RC"]
[PlyCount "88"]
[EventDate "2024.01.10"]
[EventType "tourn"]
[EventCountry "USA"]
[SourceTitle "playchess.com"]
[Source "ChessBase"]
[SourceQuality "1"]
[TimeControl "5400+30"]

1. e4 e5 2. Nf3 Nc6 3. d4 exd4 4. Nxd4 Nf6 5. Nxc6 bxc6 6. e5 Qe7 7. Qe2 Nd5 8. h4 f6 9. c4 Ba6 10. Rh3 O-O-O 11. Qe4 Nb6 12. c5 Bxf1 13. cxb6 Ba6 14. bxa7 Kb7 15. Rb3+ Ka8 16. Bf4 g5 17. hxg5 fxg5 18. Bg3 d5 19. Qa4 Bb5 20. Qa5 Bc4 21. Rb8+ Rxb8 22. axb8=Q+ Kxb8 23. Nd2 Qb4 24. Qxb4+ Bxb4 25. a3 Bxd2+ 26. Kxd2 h5 27. b3 Ba6 28. Rc1 h4 29. Bh2 Rf8 30. Ke3 d4+ 31. Kxd4 Rxf2 32. e6 Rd2+ 33. Ke5 Bc8 34. e7 Bd7 35. Bg1 Rxg2 36. Kf6 h3 37. Kf7 h2 38. Be3 g4 39. Rd1 Re2 40. Bf4 Rf2 41. Rxd7 Rxf4+ 42. Kg6 Re4 43. Rd8+ Kb7 44. Rh8 g3 0-1

[Event "1000GM NY Winter GM-B 2024"]
[Site "New York"]
[Date "2024.01.13"]
[Round "4.3"]
[White "Nagy, Gabor"]
[Black "Griffith, Kyron"]
[Result "1-0"]
[ECO "B43"]
[WhiteElo "2450"]
[BlackElo "2367"]
[Annotator "RC"]
[PlyCount "77"]
[EventDate "2024.01.10"]
[EventType "tourn"]
[EventCountry "USA"]
[SourceTitle "playchess.com"]
[Source "ChessBase"]
[SourceQuality "1"]
[TimeControl "5400+30"]

1. e4 c5 2. Nf3 e6 3. Nc3 a6 4. d4 cxd4 5. Nxd4 b5 6. g3 Bb7 7. Bg2 Qc7 8. O-O Nf6 9. Re1 d6 10. a4 b4 11. Na2 Be7 12. Nxb4 d5 13. Bf4 Qd7 14. exd5 Bxb4 15. dxe6 Qc8 16. Bh3 Qc4 17. exf7+ Kf8 18. c3 Qd5 19. Ne6+ Kxf7 20. Qxd5 Nxd5 21. cxb4 Nxf4 22. Nxf4 Nc6 23. Be6+ Kf6 24. Bd5 Rhe8 25. Rxe8 Rxe8 26. Rc1 Rc8 27. Re1 g5 28. Nh5+ Kg6 29. g4 Nd8 30. Bxb7 Nxb7 31. Re6+ Kf7 32. Rxa6 Rc4 33. Rb6 Rxg4+ 34. Ng3 Nd8 35. a5 Ne6 36. a6 Rc4 37. Ne2 Rc8 38. b5 Ra8 39. b4 1-0

[Event "1000GM NY Winter GM-B 2024"]
[Site "New York"]
[Date "2024.01.13"]
[Round "4.5"]
[White "Lee, Alice"]
[Black "Koustav Chatterjee"]
[Result "0-1"]
[ECO "E97"]
[WhiteElo "2379"]
[BlackElo "2546"]
[Annotator "RC"]
[PlyCount "72"]
[EventDate "2024.01.10"]
[EventType "tourn"]
[EventCountry "USA"]
[SourceTitle "playchess.com"]
[Source "ChessBase"]
[SourceQuality "1"]
[TimeControl "5400+30"]

1. Nf3 Nf6 2. c4 g6 3. Nc3 Bg7 4. e4 d6 5. d4 O-O 6. Be2 e5 7. O-O Nc6 8. Be3 Ng4 9. Bg5 f6 10. Bc1 f5 11. exf5 gxf5 12. dxe5 dxe5 13. Qd5+ Kh8 14. Qxd8 Nxd8 15. Nb5 c6 16. Nd6 e4 17. Ng5 Ne5 18. Be3 h6 19. Nh3 Ne6 20. Nf4 Nxf4 21. Bxf4 Ng6 22. Bd2 Be6 23. Rad1 b6 24. Bc1 Rad8 25. Nb7 Rb8 26. Nd6 Rfd8 27. g4 Nh4 28. Bf4 fxg4 29. Bxg4 Rf8 30. Bxe6 Rxf4 31. Nf7+ Kh7 32. Nd8 Nf3+ 33. Kg2 Ne5 34. Bh3 Bf6 35. Ne6 Rf3 36. Rd6 Be7 0-1

[Event "1000GM NY Winter GM-B 2024"]
[Site "New York"]
[Date "2024.01.14"]
[Round "5.1"]
[White "Koustav Chatterjee"]
[Black "Adewumi, Tanitoluwa"]
[Result "1/2-1/2"]
[ECO "B40"]
[WhiteElo "2546"]
[BlackElo "2280"]
[Annotator "RC"]
[PlyCount "85"]
[EventDate "2024.01.10"]
[EventType "tourn"]
[EventCountry "USA"]
[SourceTitle "playchess.com"]
[Source "ChessBase"]
[SourceQuality "1"]
[TimeControl "5400+30"]

1. e4 c5 2. Nf3 e6 3. b3 Nc6 4. Bb2 d5 5. Bb5 Nf6 6. exd5 exd5 7. Qe2+ Be7 8. O-O O-O 9. Re1 Bd6 10. Bxc6 bxc6 11. d3 Bg4 12. Nbd2 Bf4 13. Qf1 Qa5 14. c3 Rfe8 15. h3 Rxe1 16. Qxe1 Re8 17. Qf1 Bxd2 18. Nxd2 Be2 19. Qb1 Nh5 20. Nf1 Nf4 21. Ng3 Bxd3 22. Qd1 c4 23. Qg4 Qc7 24. Ba3 Qe5 25. Qd7 h6 26. Bc5 a6 27. Bd4 Qe6 28. Qc7 g5 29. b4 Bg6 30. Be3 Qf6 31. Bd4 Qe6 32. Be3 d4 33. Bxd4 Qd5 34. f3 h5 35. Kh2 h4 36. Nf1 Ne6 37. Qe5 Qxe5+ 38. Bxe5 Nf4 39. Bxf4 gxf4 40. Nd2 Bd3 41. Ne4 Bxe4 42. fxe4 Rxe4 43. Rd1 1/2-1/2